Description

Build Created by: PiG

Full guide: 1) Take out your balls 2) Place them on opponents face 3) ... T-bag complete!

VOD

https://www.youtube.com/watch?v=qreIXoTAr58

Build Order

Get SALT Encoding   

    0:00  Probe  
    0:13  Probe  
    0:20  Pylon  
    0:25  Probe  
    0:38  Probe (Chrono Boost)  
    0:42  Gateway  
    0:45  Assimilator  
    0:50  Probe (Chrono Boost)  
    0:55  Probe (Chrono Boost)  
    1:05  Probe  
    1:18  Probe  
    1:26  Nexus  
    1:38  Cybernetics Core  
    1:40  Probe  
    1:46  Assimilator  
    1:52  Probe  
    1:55  Pylon  
    2:11  Stalker (Chrono Boost)  
    2:15  Warp Gate  
    2:36  Robotics Facility  
    2:42  Stalker (Chrono Boost)  
    3:05  Stalker  
    3:21  Warp Prism (Chrono Boost)  
    3:34  Pylon  
    3:45  Gateway x2  
    3:56  Observer (Chrono Boost)  
    4:01  Assimilator  
    4:04  Pylon  
    4:10  Pylon  
    4:19  Stalker  
    4:46  Stalker x2  
    4:51  Assimilator  
    4:52  Robotics Facility  
    4:53  Robotics Bay  
    4:58  Stalker  
    4:59  Nexus  
    5:05  Observer  
    5:30  Gateway x2  
    5:38  Observer  
    5:57  Disruptor x2 (Chrono Boost)  
    6:03  Gateway x3  
    6:11  Gateway  
    6:29  Disruptor x2 (Chrono Boost)  
    6:33  Stalker  
    6:36  Assimilator x2  
    6:55  Disruptor x2 (Chrono Boost)  
    7:03  Stalker x2  
    7:23  Disruptor x2  
    7:40  Forge  
    8:15  Nexus  
Spawning Tool Build Advisor. Get it on Overwolf

Analysis

Analysis in VOD Link

Go to:

Details

  • Created by: Krzysztof2003
  • Published on: Sep 20, 2018
  • Modified on: Sep 20, 2018
  • Patch: 4.0.0
Show
View Real Time Build Order
Export as new Build Order

Comments (0)

There are no comments. Be the first!

Create an account to comment!